 Dungeon Crawl Stone Soup version 0.32-a0-834-geaf45d8e21 (webtiles) character file.

Game seed: 7633330144817154766

814 smashvw the Magician (level 7, -1/36 HPs)
             Began as a Deep Elf Conjurer on Mar 25, 2024.
             Slain by Edmund
             ... wielding a +2 flail of protection
              (9 damage)
             ... on level 4 of the Dungeon.
             The game lasted 00:10:16 (4295 turns).

smashvw the Magician (Deep Elf Conjurer)            Turns: 4295, Time: 00:10:17

Health: -1/36      AC:  3    Str:  6    XL:     7   Next: 62%
Magic:  0/20       EV: 11    Int: 23    God:
Gold:   215        SH:  0    Dex: 13    Spells: 10/21 levels left

rFire   . . .        e - +2 short sword (venom)
rCold   . . .        (no shield)
rNeg    . . .        a - +0 robe
rPois   .            f - +1 hat
rElec   .            (no cloak)
rCorr   .            (no gloves)
SInv    .            (no boots)
Will    .....        (no amulet)
Stlth   ++           (no ring)
HPRegen 0.26/turn    (no ring)
MPRegen 0.17/turn

%: no passive effects
@: no status effects
A: no striking features
a: no special abilities


You were on level 4 of the Dungeon.
You visited 1 branch of the dungeon, and saw 4 of its levels.

You collected 215 gold pieces.

Inventory:

Hand Weapons
 e - a +2 short sword of venom (weapon)
Armour
 a - a +0 robe (worn)
 f - a +1 hat (worn)
 s - a +0 cloak
Wands
 l - a wand of digging (1)
 u - a wand of flame (22)
Scrolls
 c - 6 scrolls of teleportation {unknown}
 d - 4 scrolls of identify {unknown}
 h - a scroll of poison {unknown}
 i - a scroll of fog {unknown}
 j - a scroll of enchant armour {unknown}
 n - a scroll of amnesia {unknown}
 p - a scroll of fear {unknown}
 t - a scroll of noise {unknown}
Potions
 b - a potion of magic
 g - a potion of attraction {unknown}
 k - 2 potions of degeneration {unknown}
 m - a potion of enlightenment {unknown}
 o - 2 potions of mutation {unknown}
 q - a potion of curing {unknown}
 r - a potion of brilliance {unknown}


   Skills:
 - Level 2.5 Dodging
 - Level 2.6 Stealth
 + Level 7.9 Spellcasting
 + Level 7.6 Conjurations
 - Level 3.0 Translocations


You had 10 spell levels left.
You knew the following spells:

 Your Spells              Type           Power      Damage    Failure   Level
a - Magic Dart            Conj           100%       1d8       1%          1
b - Searing Ray           Conj           88%        2d7       1%          2
c - Iskenderun's Mystic   Conj/Tloc      33%        2d8       8%          4
d - Fulminant Prism       Conj/Alch      13%        3d9       14%         4

Your spell library contained the following spells:

 Spells                   Type           Power      Damage    Failure   Level
 Momentum Strike          Conj/Tloc      66%        3d9       1%          2
 Blink                    Tloc           44%        N/A       3%          2
 Lesser Beckoning         Tloc           44%        N/A       3%          2
 Gell's Gravitas          Tloc           22%        N/A       6%          3
 Teleport Other           Tloc           22%        N/A       6%          3


Dungeon Overview and Level Annotations

Branches:
Dungeon (4/15)
 Temple: D:4-7

Altars:
Gozag
Hepliaklqana
Zin

Annotations:
D:2 1 runed translucent door, Crazy Yiuf
D:4 Edmund


Message History

Confirm with . or Enter, or press ? or * to list all spells.
Aiming: Searing Ray (safe; 1% risk of failure)
Press: ? - help, Shift-Dir - straight line, f - Edmund
Aim: Edmund, wielding a +2 flail of protection and wearing a +0 chain mail (severely wounded, 87% to hit)
The searing ray hits Edmund!
Edmund is almost dead. (Press . to maintain the ray.) Without enough magic to sustain it, your searing ray dissipates.
Edmund misses you.
Edmund hits you with a +2 flail of protection.
Casting: Searing Ray (safe; 1% risk of failure)
Confirm with . or Enter, or press ? or * to list all spells.
You don't have enough magic to cast this spell.
A hobgoblin comes into view.
Edmund attacks as he pursues you!
Edmund hits you with a +2 flail of protection.
Edmund says, "I might not be good at magic, but I can still kill you!"
Edmund attacks as he pursues you!
Edmund hits you with a +2 flail of protection!
* * * LOW HITPOINT WARNING * * *
You are too injured to fight recklessly!
Aiming: Magic Dart (safe; 1% risk of failure)
Press: ? - help, Q - select action, (/) - cycle Shift-Dir - straight line, f/p - Edmund
Aim: Edmund, wielding a +2 flail of protection and wearing a +0 chain mail (almost dead, 100% to hit)
The magic dart hits Edmund but does no damage.
Edmund is almost dead.
Edmund closely misses you.
Aiming: Magic Dart (safe; 1% risk of failure)
Press: ? - help, Q - select action, (/) - cycle Shift-Dir - straight line, f/p - Edmund
Aim: Edmund, wielding a +2 flail of protection and wearing a +0 chain mail (almost dead, 100% to hit)
The magic dart hits Edmund but does no damage.
Edmund is almost dead.
Edmund closely misses you.
The goblin unwields a +0 club.
The goblin wields a +0 sling.
The goblin shoots a sling bullet.
The sling bullet hits you.
* * * LOW HITPOINT WARNING * * *
Edmund attacks as he pursues you!
Edmund hits you with a +2 flail of protection!
You die...
Edmund says, "That'll show my brother!"

........##......#
........>.......#
................#
.........#.......
........g#.......
.)......g#...g...
.......g.######..
........@# .
########@# #.#
####.####
#.......#
#..†....#
#<...)..#
#.......########
#.......#......#
#.......#......#


You could see Edmund, 2 hobgoblins and a goblin.

Vanquished Creatures
  Grinder (D:4)
  Menkaure (D:4)
  An ogre (D:4)
  A jelly (D:4)
  A bombardier beetle (D:3)
  A sleepcap (D:3)
  A gnoll bouda (D:4)
  2 orc wizards (D:4)
  Natasha (thrice) (D:4)
  6 gnolls
  2 adders
  3 dart slugs
  4 orcs
  8 ball pythons
  7 bats
  4 endoplasms
  3 giant cockroaches
  7 goblins
  4 hobgoblins
  3 quokkas
  2 frilled lizards (D:1)
  7 kobolds
  3 rats (D:1)
75 creatures vanquished.

Vanquished Creatures (others)
  A fulminant prism (D:4)
1 creature vanquished.

Grand Total: 76 creatures vanquished

Notes
Turn   | Place    | Note
-------+----------+-------------------------------------------
     0 | D:1      | smashvw the Deep Elf Conjurer began the quest for the Orb.
     0 | D:1      | Reached XP level 1. HP: 10/10 MP: 6/6
   150 | D:1      | Reached XP level 2. HP: 15/15 MP: 1/8
   555 | D:1      | Learned a level 2 spell: Searing Ray
   573 | D:1      | Reached skill level 1 in Translocations
   938 | D:1      | Reached XP level 3. HP: 19/19 MP: 7/10
  1379 | D:2      | Reached skill level 5 in Conjurations
  1480 | D:2      | Reached XP level 4. HP: 24/24 MP: 9/12
  1938 | D:2      | Found a runed translucent door.
  1939 | D:2      | Noticed Crazy Yiuf
  2357 | D:3      | Identified the +3 chain mail "Doureir" {rF+ Str+2 Int-3}
  2430 | D:3      | Found an opulent altar of Gozag.
  2816 | D:3      | Learned a level 4 spell: Iskenderun's Mystic Blast
  2821 | D:3      | Learned a level 4 spell: Fulminant Prism
  2833 | D:3      | Found a glowing silver altar of Zin.
  2909 | D:3      | Reached XP level 5. HP: 28/28 MP: 8/14
  3175 | D:4      | Noticed an ogre
  3188 | D:4      | Killed an ogre
  3189 | D:4      | Reached skill level 5 in Spellcasting
  3189 | D:4      | Noticed Menkaure
  3325 | D:4      | Killed Menkaure
  3326 | D:4      | Reached XP level 6. HP: 28/32 MP: 7/17
  3446 | D:4      | Found a hazy altar of Hepliaklqana.
  3601 | D:4      | Noticed Natasha
  3606 | D:4      | Killed Natasha
  3785 | D:4      | Noticed Natasha
  3788 | D:4      | Killed Natasha
  3789 | D:4      | Reached XP level 7. HP: 36/36 MP: 4/19
  3887 | D:4      | Noticed Natasha
  3893 | D:4      | Killed Natasha
  3940 | D:4      | Noticed Grinder
  3951 | D:4      | Killed Grinder
  4275 | D:4      | Noticed Edmund
  4295 | D:4      | Slain by Edmund

Illustrated notes

Levels and vault maps discovered:
D:1:      mrwooster_arrival_statue_3, layout_basic,
          chequers_serial_rivers_large_b
D:2:      layout_loops_cross, minmay_crystal_room, hex_tiny,
          minmay_misc_feat_plants, uniq_crazy_yiuf_cottage
D:3:      layout_loops_ring, pdpol_temple_overflow_zin_treasury_gozag_greed,
          nicolae_underground_beach
D:4:      layout_basic, mainiacjoe_overflow_boulevard, minmay_unequal,
          uniq_natasha, uniq_menkaure, uniq_grinder, uniq_edmund

Skill      XL: |  1  2  3  4  5  6  7 |
---------------+----------------------+-----
Translocations | 1 2 3 |  3.0
Spellcasting   | 4 6 7 |  7.9
Conjurations   | 5 6 7 |  7.6
Dodging        | |  2.5
Stealth        | |  2.6

Action                     |  1- 3 |  4- 6 |  7- 9 || total
---------------------------+-------+-------+-------++-------
   Cast: Magic Dart        |    56 |    57 |    21 ||   134
         Searing Ray       |     3 |    16 |     5 ||    24
         Iskenderun's Myst |       |     2 |     3 ||     5
         Fulminant Prism   |       |       |     1 ||     1
 Armour: Robe              |     1 |     7 |     8 ||    16
  Dodge: Dodged            |     4 |     8 |     3 ||    15

Table legend: (Time is in decaauts)
 A = Elapsed time spent in this place.
 B = Non-inter-level travel time spent in this place.
 C = Inter-level travel time spent in this place.
 D = Time resting spent in this place.
 E = Time spent auto-exploring this place.
 F = Levels seen in this place.
 G = Mean time per level.
                   A        B        C        D        E       F      G
               +--------+--------+--------+--------+--------+-----+--------+
         Total |   4321 |   4102 |    219 |     97 |   3595 |   4 | 1080.2 |
       Dungeon |   4321 |   4102 |    219 |     97 |   3595 |   4 | 1080.2 |
               +--------+--------+--------+--------+--------+-----+--------+

Top non-repeatable levels by time:
     D:4: 1154 daAuts
     D:1: 1099 daAuts
     D:2: 1059 daAuts
     D:3: 1007 daAuts
